 Dungeon Crawl Stone Soup version 0.25-a0-62-g88673ef (webtiles) character file.

Game seed: 9437524138066799779, levelgen mode: deterministic

208 slavetoarmok the Firebug (level 5, -1/38 HPs)
             Began as a Demonspawn Fire Elementalist on Oct 29, 2019.
             Slain by a sky beast (5 damage)
             ... on level 2 of the Dungeon.
             The game lasted 00:10:11 (3603 turns).

slavetoarmok the Firebug (DsFE)                     Turns: 3603, Time: 00:10:12

Health: -1/38      AC:  5    Str:  9    XL:     5   Next: 55%
Magic:  9/9        EV: 13    Int: 17    God:
Gold:   155        SH:  0    Dex: 17    Spells: 1/9 levels left

rFire    . . .     SeeInvis .   d - +1 dagger (elec)
rCold    + . .     Gourm    .   (no shield)
rNeg     . . .     Faith    .   a - +0 robe
rPois    .         Spirit   .   j - +0 helmet
rElec    .         Reflect  .   (no cloak)
rCorr    .         Harm     .   o - +1 pair of gloves
MR       .....                  (no boots)
Stlth    +++.......             (no amulet)
HPRegen  0.12/turn              b - +4 ring of dexterity
MPRegen  0.11/turn              k - ring of protection from cold

@: starving
A: hooves 1, nightstalker 1
a: no special abilities


You were on level 2 of the Dungeon.
You were starving.

You visited 1 branch of the dungeon, and saw 3 of its levels.

You collected 155 gold pieces.

Inventory:

Hand Weapons
 d - a +1 dagger of electrocution (weapon)
Missiles
 e - 22 poisoned darts (quivered)
Armour
 a - a +0 robe (worn)
 j - a +0 helmet (worn)
 m - a +0 ring mail
 o - a +1 pair of gloves (worn)
Jewellery
 b - a +4 ring of dexterity (left hand)
 k - a ring of protection from cold (right hand)
Scrolls
 f - a scroll of blinking {unknown}
 g - 4 scrolls of identify
 h - a scroll of immolation
 l - a scroll of noise {unknown}
 n - a scroll of fog {unknown}
 r - 2 scrolls of teleportation {unknown}
 s - 2 scrolls of amnesia
 t - a scroll of fear {unknown}
 v - 2 scrolls of remove curse {unknown}
Potions
 i - a potion of brilliance
 p - a potion of heal wounds {unknown}
 q - a potion of flight {unknown}
 u - a potion of degeneration {unknown}
Comestibles
 c - 7 rations


   Skills:
 + Level 1.7 Fighting
 + Level 2.5 Dodging
 + Level 2.8 Stealth
 + Level 2.7 Spellcasting
 + Level 2.1 Conjurations
 + Level 3.7 Fire Magic


You had one spell level left.
You knew the following spells:

 Your Spells              Type           Power        Failure   Level  Hunger
a - Flame Tongue          Conj/Fire      ##...        5%          1    #......
b - Conjure Flame         Conj/Fire      ##......     16%         3    ###....
c - Sticky Flame          Conj/Fire      ##......     47%         4    #####..

Your spell library contained the following spells:

 Spells                   Type           Power        Failure   Level  Hunger
 Throw Flame              Conj/Fire      ##....       9%          2    ##.....
 Inner Flame              Hex/Fire       #.......     26%         3    ###....
 Fireball                 Conj/Fire      ##........   83%         5    ######.


Dungeon Overview and Level Annotations

Branches:
Dungeon (3/15)

Altars:
Fedhas
Gozag
Qazlal
Uskayaw

Annotations:
D:2 Sigmund


Innate Abilities, Weirdness & Mutations

You have large cloven feet.
You are slightly more attuned to the shadows.


Message History

Your magical contamination has completely faded away.
You hit the sky beast but do no damage.
The sky beast is severely wounded.
The sky beast hits you but does no damage.
You hit the sky beast. You kick the sky beast.
The sky beast is severely wounded.
The sky beast hits you.
* * * LOW HITPOINT WARNING * * *
The sky beast shocks you.
* * * LOW HITPOINT WARNING * * *
You hit the sky beast but do no damage. You kick the sky beast.
The sky beast is almost dead.
The sky beast completely misses you.
You hit the sky beast but do no damage. Your kick misses the sky beast.
The sky beast is almost dead.
You are starving!
The sky beast hits you.
* * * LOW HITPOINT WARNING * * *
The sky beast shocks you.
You die...

################
#####..............#
#..
#...........######.#
#.# #.#....Y@.....#
#.# #.#
#.#.#.#####.#.# #.#
#.# #.#.#<# #.#.#
#.# #.# #.#.#>#
#.#.# #.####..
#.#...# #.#.#
#....... #.#.(##
#.#.# ######.#
#.#..# #.#.#
#....... #.#..#
#.#.# #.####..
#.#..# #.#.# #.# #..


You could see a sky beast.

Vanquished Creatures
  A centaur (D:3)
  4 gnolls
  2 adders
  An ooze (D:1)
  2 worms (D:3)
  2 dart slugs
  A leopard gecko (D:3)
  3 orcs (D:3)
  5 bats
  3 giant cockroaches
  3 goblins
  5 hobgoblins
  2 jackals (D:3)
  5 frilled lizards
  8 kobolds
  10 rats
57 creatures vanquished.

Notes
Turn   | Place    | Note
-------+----------+-------------------------------------------
     0 | D:1      | slavetoarmok the Demonspawn Fire Elementalist began the
                  | quest for the Orb.
     0 | D:1      | Reached XP level 1. HP: 13/13 MP: 3/3
   107 | D:1      | Reached skill level 3 in Fire Magic
   139 | D:1      | Gained mutation: You are slightly more attuned to the
                  | shadows. [demonic ancestry]
   139 | D:1      | Reached XP level 2. HP: 18/19 MP: 0/5
  1089 | D:2      | Found an opulent altar of Gozag.
  1176 | D:2      | Reached XP level 3. HP: 17/25 MP: 6/6
  1227 | D:2      | Found a faded altar of an unknown god.
  1231 | D:2      | Found a faded altar of an unknown god.
  1233 | D:2      | Found a stormy altar of Qazlal.
  1235 | D:2      | Found a blossoming altar of Fedhas.
  1240 | D:2      | Found a hide-covered altar of Uskayaw.
  1704 | D:2      | Noticed Sigmund
  1755 | D:1      | Learned a level 3 spell: Conjure Flame
  2319 | D:3      | Noticed a centaur
  2326 | D:3      | HP: 1/25 [centaur (4)]
  2335 | D:3      | Killed a centaur
  2335 | D:3      | Reached skill level 1 in Fighting
  2335 | D:3      | Gained mutation: You have large cloven feet. [demonic
                  | ancestry]
  2335 | D:3      | Reached XP level 4. HP: 8/32 MP: 5/7
  2335 | D:3      | Reached XP level 5. HP: 9/37 MP: 5/8
  2686 | D:3      | Found a faded altar of an unknown god.
  2776 | D:3      | Learned a level 4 spell: Sticky Flame
  3399 | D:3      | Noticed a sky beast
  3603 | D:2      | Slain by a sky beast

Levels and vault maps discovered:
D:1:      saegor_arrival_simple_b, layout_loops_cross
D:2:      layout_loops_ring, lemuel_crystal_altar,
          chequers_temple_overflow_minitemple, uniq_sigmund
D:3:      kennysheep_six_static_rooms, layout_loops_ring,
          chequers_ecumenical_altar_simple, minmay_between

Skill      XL: |  1  2  3  4  5 |
---------------+----------------+-----
Fire Magic     | 3 |  3.7
Stealth        | 2 |  2.8
Dodging        | 2 |  2.5
Fighting       | 1 |  1.7
Conjurations   | 2 |  2.1
Spellcasting   | |  2.7

Action                   |  1- 3 |  4- 6 || total
-------------------------+-------+-------++-------
Melee: Dagger            |    58 |    30 ||    88
       Kick              |       |     5 ||     5
 Cast: Flame Tongue      |    41 |    33 ||    74
       Conjure Flame     |     2 |     1 ||     3
  Use: Scroll            |     6 |       ||     6
       Potion            |     2 |       ||     2
 Stab: Sleeping          |     5 |     4 ||     9
  Eat: Chunk             |     5 |     3 ||     8
Armor: Robe              |    13 |    13 ||    26
Dodge: Dodged            |    55 |    29 ||    84

Table legend:
 A = Non-vault XP
 B = Vault XP
 C = Vault XP percentage of total XP
 D = Non-vault monster count
 E = Vault monster count
 F = Vault count percentage of total count
                 A         B        C        D         E       F
            +---------+---------+-------+---------+---------+-------
      Total |     247 |      51 |  17.1 |      46 |      11 |  19.3
            +---------+---------+-------+---------+---------+-------
        D:1 |      32 |       0 |   0.0 |      15 |       0 |   0.0
        D:2 |      43 |       0 |   0.0 |      13 |       0 |   0.0
        D:3 |     172 |      51 |  22.9 |      18 |      11 |  37.9
            +---------+---------+-------+---------+---------+-------
